 Dungeon Crawl Stone Soup version 0.31.0-11-ge490571c62 (webtiles) character file.

Game seed: 15596002739776579034

177 browni3141 the Chopper (level 5, 0/47 HPs)
             Began as a Minotaur Fighter on Jan 27, 2024.
             Killed from afar by a dart slug (2 damage)
             ... with a slug dart
             ... on level 3 of the Dungeon.
             The game lasted 00:00:51 (825 turns).

browni3141 the Chopper (Minotaur Fighter)            Turns: 825, Time: 00:00:52

Health: 0/47       AC:  7    Str: 22    XL:     5   Next: 31%
Magic:  4/4        EV:  9    Int:  5    God:
Gold:   42         SH:  4    Dex: 10    Spells: 4/4 levels left

rFire   . . .        a - +0 war axe
rCold   . . .        c - +0 buckler
rNeg    . . .        b - +0 scale mail
rPois   +            (helmet restricted)
rElec   .            (no cloak)
rCorr   .            (no gloves)
SInv    .            (no boots)
Will    +....        (no amulet) Stlth
                     f - ring of poison resistance
HPRegen 0.27/turn    q - ring of willpower
MPRegen 0.09/turn

%: no passive effects
@: no status effects
A: horns 2, retaliatory headbutt
a: no special abilities


You were on level 3 of the Dungeon.
You visited 1 branch of the dungeon, and saw 4 of its levels.

You collected 42 gold pieces.

Inventory:

Hand Weapons
 a - a +0 war axe (weapon)
Missiles
 r - 3 boomerangs (quivered)
Armour
 b - a +0 scale mail (worn)
 c - a +0 buckler (worn)
Jewellery
 f - a ring of poison resistance (left hand)
 q - a ring of willpower (right hand)
Scrolls
 e - 3 scrolls of teleportation {unknown}
 h - a scroll of fog {unknown}
 l - a scroll of identify {unknown}
 o - a scroll of immolation {unknown}
Potions
 d - a potion of might
 g - a potion of attraction {unknown}
 i - a potion of mutation {unknown}
 j - a potion of lignification {unknown}
 k - a potion of cancellation {unknown}
 m - a potion of berserk rage {unknown}
 n - a potion of curing {unknown}
 p - a potion of ambrosia {unknown}


   Skills:
 + Level 4.5 Fighting
 * Level 4.6 Axes
 + Level 4.6 Armour
 + Level 4.5 Shields


You had 4 spell levels left.
You didn't know any spells.
Your spell library contained the following spells:

 Spells                   Type           Power      Damage    Failure   Level
 Fugue of the Fallen      Necr           0%         N/A       99%         3
 Ozocubu's Armour         Ice            0%         N/A       99%         3
 Manifold Assault         Tloc           0%         N/A       100%        4


Dungeon Overview and Level Annotations

Branches:
Dungeon (4/15)
 Temple: D:4-7

Altars:

Annotations:
D:4 Robin


Innate Abilities, Weirdness & Mutations

You have a pair of horns on your head.
You reflexively headbutt those who attack you in melee.


Message History

A goblin comes into view. It is wielding a +0 club.
There are monsters nearby!
There are monsters nearby!
You closely miss the goblin.
The goblin is severely wounded.
The goblin shouts!
Robin of the Strong Arm comes into view.
They are wielding a +0 dagger of venom.
You block the goblin's attack.
You barely miss the goblin.
The goblin is severely wounded.
Robin shouts!
You hear a shout! x2
A goblin comes into view. It is wielding a +0 club.
Robin throws the goblin at you!
A goblin comes into view. It is wielding a +0 club.
The goblin hits you but does no damage. You block the goblin's attack.
You hear a shout!
The goblin shouts!
You hit the goblin but do no damage.
The goblin is severely wounded.
You slash the goblin!
You kill the goblin!
Robin throws the goblin at you! You block the goblin's attack.
The goblin hits you but does no damage.
You hit the goblin.
You kill the goblin!
You miss the goblin. The goblin barely misses you.
A goblin comes into view. It is wielding a +0 dagger.
Robin roars a battlecry!
The goblins go into a battle-frenzy!
The goblin completely misses you. You furiously retaliate!
You headbutt the goblin!
You kill the goblin!
You closely miss the hobgoblin. You barely miss the goblin.
The goblin hits you with a +3 dagger.
You barely miss the goblin. You closely miss the goblin.
You slash the hobgoblin!
You kill the hobgoblin!
The goblin hits you with a +3 dagger.
A goblin comes into view. It is wielding a +0 club.
You closely miss the hobgoblin. You closely miss the goblin.
You barely miss the goblin.
The goblin shouts!
The goblin closely misses you. The goblin hits you with a +0 club.
The hobgoblin hits you but does no damage.
A goblin comes into view. It is wielding a +0 dagger.
The goblin barely misses you. The hobgoblin closely misses you.
The goblin hits you with a +3 dagger.
The goblin shouts!
You slash the hobgoblin!
You kill the hobgoblin!
You miss the goblin. You barely miss the goblin.
The goblin hits you with a +3 dagger.
A goblin comes into view. It is wielding a +0 club.
Robin throws the goblin at you! The goblin barely misses you.
The goblin hits you with a +0 club.
You hit the goblin.
You kill the goblin!
You hit the goblin.
You kill the goblin!
You slash the goblin!
You kill the goblin!
You barely miss the goblin. The goblin hits you with a +0 club.
You slash the goblin!
You kill the goblin!
You miss the goblin. x2; The goblin hits you with a +0 club.
The goblin hits you but does no damage. The goblin hits you with a +0 club.
The goblin barely misses you. You furiously retaliate!
You headbutt the goblin, but do no damage.
Unknown command.
Robin throws the goblin at you! The goblin hits you with a +0 club.
Things that are here:
a +0 club; a +0 sling; a +0 club Robin throws the goblin at you!
The goblin hits you with a +0 club. You block the goblin's attack.
The goblin misses you. The goblin closely misses you.
There is a stone staircase leading up here.
The goblin hits you but does no damage. The goblin barely misses you.
The goblin hits you with a +0 club.
You climb upwards.
There is a stone staircase leading down here.
You hit the goblin.
You kill the goblin!
You miss the goblin. You closely miss the goblin.
You block the goblin's attack. The goblin misses you. You furiously retaliate!
You headbutt the goblin!
You kill the goblin!
You hit the goblin.
You kill the goblin!
The dart slug launches a dart at you. The slug dart hits you.
You see here a +0 club.
You are too injured to fight recklessly!
You are too injured to fight recklessly!
You are too injured to fight recklessly!
You are too injured to fight recklessly!
You barely miss the dart slug. You headbutt the dart slug.
The dart slug is severely wounded.
The dart slug launches a dart at you. The slug dart hits you.
You die...

#### ....
####..#
#.....# #
##.....# #.
#..w...###
#..#)@.....).
#..>......##
###)###.#...
### .. # ##


You could see a dart slug.

Vanquished Creatures
  A black bear (D:4)
  An adder (D:2)
  2 dart slugs
  2 ribbon worms
  An orc (D:4)
  3 endoplasms
  3 giant cockroaches
  13 goblins
  6 hobgoblins
  4 jackals (D:1)
  3 quokkas
  6 ball pythons
  3 frilled lizards
  3 kobolds
  3 rats
54 creatures vanquished.

Notes
Turn   | Place    | Note
-------+----------+-------------------------------------------
     0 | D:1      | browni3141 the Minotaur Fighter began the quest for the
                  | Orb.
     0 | D:1      | Reached XP level 1. HP: 19/19 MP: 0/0
   113 | D:1      | Reached XP level 2. HP: 23/27 MP: 1/1
   336 | D:2      | Reached XP level 3. HP: 31/33 MP: 2/2
   722 | D:4      | Noticed a black bear
   732 | D:4      | Killed a black bear
   733 | D:4      | Reached XP level 4. HP: 28/41 MP: 3/3
   733 | D:4      | Reached XP level 5. HP: 32/47 MP: 4/4
   807 | D:4      | Noticed Robin
   824 | D:3      | HP: 2/47 [dart slug/slug dart (4)]
   825 | D:3      | Killed from afar by a dart slug

Illustrated notes

Levels and vault maps discovered:
D:1:      dpeg_arrival_subterranean_lakeside_camping, layout_basic
D:2:      layout_basic, serial_bayou, serial_bayou_shore_a,
          serial_bayou_lagoon_b, serial_bayou_pond_b, serial_bayou_lagoon_a
D:3:      layout_basic, eino_curves_03, minmay_statues_item, chequers_arboretum,
          kennysheep_jessica_study, uniq_terence
D:4:      layout_cave_pools, makhleb_blood_cavern_becter, columned_hall_lemuel,
          serial_bayou_lake_a, uniq_pikel, uniq_robin

Skill      XL: |  1  2  3 |
---------------+----------+-----
Axes           | 3 4 |  4.6
Fighting       | 4 |  4.5
Armour         | 4 |  4.6
Shields        | 4 |  4.5

Action                     |  1- 3 |  4- 6 || total
---------------------------+-------+-------++-------
  Melee: War axe           |    85 |    17 ||   102
         Headbutt          |     8 |     1 ||     9
 Armour: Scale mail        |    71 |    28 ||    99
  Dodge: Dodged            |    41 |    13 ||    54
  Block: Buckler           |    28 |     6 ||    34
